[Event "Romanian Superleague 2022"]
[Site "Oradea"]
[Date "2022.09.28"]
[Round "8.1"]
[White "Tarlev, Konstantin"]
[Black "Marin, Mihail"]
[Result "1-0"]
[ECO "E11"]
[WhiteElo "2576"]
[BlackElo "2457"]
[Annotator "TA"]
[PlyCount "135"]
[EventDate "2022.09.21"]
[EventType "team-tourn"]
[EventCountry "ROU"]
[SourceTitle "playchess.com"]
[Source "ChessBase"]
[SourceQuality "1"]
[TimeControl "40/5400+30:1800+30"]

1. d4 d5 2. c4 e6 3. Nf3 Nf6 4. g3 Bb4+ 5. Bd2 a5 6. Bg2 dxc4 7. Qc2 Nc6 8. Qxc4 Qd5 9. Qd3 Qe4 10. Qxe4 Nxe4 11. a3 Nxd2 {[%emt 0:03:07] E11: Bogo-Indian.} 12. Nbxd2 Be7 13. Rc1 a4 {[%emt 0:08:54] White is slightly better.} 14. e3 Bd8 {[%emt 0:10:05] [#]} 15. O-O $146 ({Predecessor:} 15. Ke2 Bd7 16. Rhd1 Na5 17. Ne5 Bb5+ 18. Ke1 f6 19. Nec4 Nxc4 20. Nxc4 Bxc4 21. Rxc4 {1-0 (78) Torre,E (2535)-Maninang,R (2350) Manila 1982}) 15... Na5 16. Ne5 Bd7 17. Rc5 {[%emt 0:16:00] White is much more active. The black rooks are badly placed.} c6 18. Rfc1 Ke7 19. Bf3 Bc7 20. Nd3 Rhc8 21. R5c3 Bd6 22. Bd1 b5 23. Ne4 Rc7 24. Nxd6 Kxd6 25. f4 Be8 26. Kf2 f6 27. e4 (27. Nb4 {seems wilder.} Rac8 28. e4 Nc4 29. Bxa4 Nxb2 30. Bb3) 27... Ke7 28. Ke3 Rd8 29. Nc5 {[%emt 0:00:10] Prevents Rcd7.} e5 30. dxe5 fxe5 31. fxe5 (31. Be2 $5 ) 31... Bf7 {[%emt 0:00:30] Against e6} 32. Be2 Be8 (32... Rcc8 $14) 33. Bd1 (33. h4 $16) 33... Bf7 $11 34. Be2 Bc4 {[%emt 0:02:57] Against e6} (34... Be8 $11) 35. Rf1 Bxe2 ({Black should try} 35... Rcc8 $14) 36. Kxe2 $16 Nb7 $2 {[%emt 0:22:56][%mdl 8192] [#] Loses the game.} (36... Rcc8 $16) 37. Nxb7 (37. Rcf3 $142 $1 {Threatening mate with Rf7+.} Nxc5 38. Rf7+ Ke8 39. Rxc7) 37... Rxb7 $18 38. Rxc6 {[%emt 0:03:40][%mdl 4096] Endgame KRR-KRR} Rbd7 {[#]} 39. Rf7+ $3 Kxf7 40. e6+ Ke7 41. exd7 Rxd7 {[%emt 0:20:42] KR-KR} 42. Rb6 {[%emt 0:00:00] Inhibits Rb7.} Rc7 43. Kd3 {[%emt 0:00:00] Against Rc2} ({Don't play} 43. Rxb5 $6 Rc2+ 44. Ke3 Rxh2 $16) 43... Rc5 44. h4 h5 $2 (44... Rc1 45. Rxb5 Rg1 46. Rb7+ Kf8) 45. Kd4 Rc4+ 46. Kd5 {[%emt 0:00:00] Black must now prevent Rc6.} Rc2 47. Rxb5 Rg2 48. Rb7+ Kf6 (48... Kf8 $142 49. Rb4 Rxg3 50. Rxa4 g5 51. hxg5 Rxg5+ 52. e5 Rg2) 49. e5+ Kg6 50. Rb4 (50. e6 $142 Re2 51. Kd6 Rd2+ 52. Ke7) 50... Rxg3 51. Rxa4 Kf5 52. Rb4 Re3 53. a4 Rxe5+ 54. Kc6 {[%emt 0:00:00] Rd4 is the strong threat.} g5 55. hxg5 Kxg5 (55... Re6+ {is tougher.} 56. Kd7 Ra6) 56. Rd4 {[%emt 0:04:40] aiming for b4.} ({Weaker is} 56. Rb5 Rxb5 57. axb5 h4 $11) 56... h4 57. b4 {[%emt 0:00:32] Prevents Ra5.} h3 58. a5 {[%emt 0:01:38] White threatens a6 and mate.} Re6+ 59. Kb5 Re5+ 60. Ka4 h2 61. Rd1 {[%emt 0:00:02] White mates.} Re6 62. Rh1 Re2 63. a6 Kf6 64. Ka5 Ke5 65. a7 Kd4 66. b5 Kc5 67. Rc1+ Kd4 68. Ka6 {[%emt 0:00:11] Weighted Error Value: White=0.30/Black=0.68} (68. Kb6 $142 Re8 69. Rh1 Rh8 {[#]} 70. Rxh2 $3 Rxh2 71. a8=Q Ke3 72. Qd5 Rf2 73. Qc5+ Kf3 74. Qxf2+ $3 Kxf2 75. Kc6) 1-0

[Event "Romanian Superleague 2022"]
[Site "Oradea"]
[Date "2022.09.28"]
[Round "8.2"]
[White "Miron, Lucian-Costin"]
[Black "Ionescu, Constantin"]
[Result "1/2-1/2"]
[ECO "B05"]
[WhiteElo "2498"]
[BlackElo "2415"]
[Annotator "TA"]
[PlyCount "26"]
[EventDate "2022.09.21"]
[EventType "team-tourn"]
[EventCountry "ROU"]
[SourceTitle "playchess.com"]
[Source "ChessBase"]
[SourceQuality "1"]
[TimeControl "40/5400+30:1800+30"]

1. e4 Nf6 2. e5 Nd5 3. d4 d6 4. Nf3 Bg4 5. Be2 c6 6. O-O Bxf3 7. Bxf3 dxe5 8. dxe5 e6 9. Qe2 Nd7 10. g3 {[%emt 0:05:27] B05: Alekhine's Defence: 4 Nf3 Bg4.} Qc7 11. Re1 Bc5 12. c3 a5 {[%emt 0:04:10] [#]} 13. Nd2 $146 ({Predecessor:} 13. b3 O-O 14. Bb2 b5 15. c4 bxc4 16. bxc4 Ne7 17. Nc3 Nf5 18. Na4 Nd4 19. Bxd4 Bxd4 {1-0 (40) Simonovic,A (2360)-Sarenac,I (2425) Ruma 2017}) 13... a4 {[%emt 0:00:26] Not much happened in this game.  Weighted Error Value: White=0.05 (flawless) /Black=0.01 (flawless)} 1/2-1/2

[Event "Romanian Superleague 2022"]
[Site "Oradea"]
[Date "2022.09.28"]
[Round "8.3"]
[White "Soltanici, Ruslan"]
[Black "Secheres, Adrian-Simion"]
[Result "1-0"]
[ECO "C60"]
[WhiteElo "2333"]
[BlackElo "2375"]
[Annotator "TA"]
[PlyCount "40"]
[EventDate "2022.09.21"]
[EventType "team-tourn"]
[EventCountry "ROU"]
[SourceTitle "playchess.com"]
[Source "ChessBase"]
[SourceQuality "1"]
[TimeControl "40/5400+30:1800+30"]

1. e4 e5 2. Nf3 Nc6 3. Bb5 Nge7 4. d4 exd4 5. Nxd4 Nxd4 6. Qxd4 Nc6 7. Bxc6 {[%emt 0:05:29] C60: Ruy Lopez: Unusual Black 3rd moves and 3...g6.} bxc6 8. Nc3 d6 {[%emt 0:03:16] Inhibits Qe5+.} 9. O-O {[%emt 0:01:48] White is slightly better.} c5 10. Qd3 Be7 11. Bf4 {[%emt 0:05:59] [#]} Be6 $146 ({Predecessor:} 11... O-O 12. Rad1 Be6 13. b3 Qc8 14. Qg3 Rd8 15. Rfe1 Rd7 16. Nd5 Bxd5 17. Rxd5 Bf6 {½-½ (45) Stanojoski,Z (2310)-Lazic,M (2495) Kladovo 1990}) 12. Rad1 Rb8 13. b3 O-O 14. e5 {[%emt 0:24:58] White is more active.} Rb4 15. exd6 {[%emt 0:08:15] White is better.} cxd6 16. Bxd6 Rd4 17. Bxe7 Qxe7 18. Qe3 Rfd8 19. Rc1 h6 20. Rfe1 Qc7 $2 {[%emt 0:18:25] Weighted Error Value: White=0.07 (flawless) /Black=0.13 (very precise)} (20... c4 $16) 1-0

[Event "Romanian Superleague 2022"]
[Site "Oradea"]
[Date "2022.09.28"]
[Round "8.4"]
[White "Filip, Andrei"]
[Black "Cosma, Ioan"]
[Result "0-1"]
[ECO "B62"]
[WhiteElo "2356"]
[BlackElo "2367"]
[Annotator "TA"]
[PlyCount "62"]
[EventDate "2022.09.21"]
[EventType "team-tourn"]
[EventCountry "ROU"]
[SourceTitle "playchess.com"]
[Source "ChessBase"]
[SourceQuality "1"]
[TimeControl "40/5400+30:1800+30"]

1. e4 c5 2. Nf3 Nc6 3. d4 cxd4 4. Nxd4 Nf6 5. Nc3 d6 6. Bg5 e6 7. Qd3 Be7 {[%emt 0:02:44] Recently 7...Bd7 got a lot of attention. B62: Sicilian: Richter-Rauzer: 6...e6: Unusual White 7th moves.} 8. O-O-O a6 {[%emt 0:03:00] Prevents Ndb5.} 9. Nxc6 bxc6 {[%emt 0:00:05] White is slightly better.} 10. h4 O-O 11. Qg3 {[%emt 0:08:00] [#]} d5 $146 ({Predecessor:} 11... e5 12. Bc4 Rb8 13. Rd3 Qa5 14. Rhd1 Kh8 15. Bb3 Be6 16. Bxf6 gxf6 17. Qf3 f5 18. exf5 Bxb3 19. axb3 {1-0 (55) Dvirnyy,D (2488)-Hjartarson,J (2519) Chess.com INT 2021}) 12. Bc4 (12. h5 $14) 12... Kh8 $11 13. Bb3 $40 {[%emt 0:00:57][%mdl 128] White attacks.} h6 (13... a5 $11 {was preferrable.}) 14. Be3 (14. Kb1 $5) 14... a5 15. f3 Nd7 16. Qf2 (16. exd5 cxd5 17. Ba4 (17. Bd4 Bf6 $15) 17... Bf6 $15) 16... f5 {[%emt 0:08:15] ...fxe4 is the strong threat.} 17. Qd2 fxe4 18. fxe4 Bf6 ({Black should play} 18... Nf6 $1 $15) 19. Na4 $1 $14 Qe7 (19... Bxh4 $2 20. Bxh6 $1 Kg8 21. Be3 $18 (21. exd5 cxd5 22. Be3 Bb7 $18) (21. Bxg7 $2 Bg5 $19)) ({Black should try} 19... Ne5 $14) 20. g4 $1 $16 Be5 (20... Bxh4 $2 21. g5 Bg3 22. Rdg1 $16 (22. gxh6 g6 $16)) 21. g5 {[%emt 0:02:29] Prevents Nf6.} h5 (21... dxe4 $2 22. gxh6 gxh6 23. Rhg1 $18) 22. g6 (22. c4 $16) 22... Ba6 (22... dxe4 23. Qg2 Rf5 24. Qxe4 $16) 23. Rdg1 {[%emt 0:00:11] Threatens to win with Nb6.} Rf3 (23... dxe4 24. Rd1 Nf6 25. Kb1 $14 (25. Bc5 Qc7 $11)) 24. Bg5 ({But not} 24. Rg5 Raf8 25. Rd1 (25. Rxh5+ Kg8 $19) 25... Rxe3 $1 26. Rxe5 (26. Qxe3 $2 Bf4 $19) (26. Rxh5+ $2 Kg8 $19) 26... Be2 $17) 24... Qd6 25. Kb1 Bb5 {[%emt 0:03:40] Black is more active.} (25... c5 $5 26. c4 (26. exd5 c4 $17) 26... dxc4 27. Qxd6 Bxd6 $15) 26. exd5 Bxa4 $2 (26... exd5 $15 {keeps the upper hand.} 27. Qd1 Raf8) 27. Bxa4 $2 ({Better is} 27. Qe2 $18 Bxb3 28. Qxf3 Bxa2+ 29. Kxa2 Qxd5+ 30. Qxd5 cxd5 31. Re1) 27... Rb8 $1 $11 {[%emt 0:02:16] The board is on fire.} 28. b3 {[%emt 0:01:09][%mdl 8192] [#]} (28. Bb3 $1 $11 {and White stays safe.} a4 29. dxe6 Qxd2 30. Bxd2 axb3 31. cxb3 (31. exd7 {gets mated.} bxa2+ 32. Ka1 Bxb2+ 33. Kxa2 Ra3+ 34. Kb1 Ra1#)) 28... Qa3 $1 $19 29. c4 (29. c3 $142 Qxa4 30. Qe2 Bxc3 31. Qxf3 Rxb3+ 32. axb3 Qxb3+ 33. Kc1 Bb2+ 34. Kb1 Qxf3 35. Kxb2 Qe2+ 36. Ka1 Qe5+ 37. Ka2 Qxd5+ 38. Kb2 Qd4+ 39. Ka2 Qa4+ 40. Kb1 Qe4+ 41. Kc1) 29... Qxa4 30. dxe6 {[%emt 0:00:07] [#]} Rfxb3+ $1 31. axb3 (31. Qb2 Rxb2+) 31... Qxb3+ {[%emt 0:00:12] Weighted Error Value: White=0.75/Black=0.29 (precise)} 0-1

[Event "Romanian Superleague 2022"]
[Site "Oradea"]
[Date "2022.09.28"]
[Round "8.5"]
[White "Itkis, Boris"]
[Black "Nastore, Pavel-Alexandru"]
[Result "1/2-1/2"]
[ECO "A70"]
[WhiteElo "2332"]
[BlackElo "2279"]
[Annotator "TA"]
[PlyCount "57"]
[EventDate "2022.09.21"]
[EventType "team-tourn"]
[EventCountry "ROU"]
[SourceTitle "playchess.com"]
[Source "ChessBase"]
[SourceQuality "1"]
[TimeControl "40/5400+30:1800+30"]

1. d4 Nf6 2. c4 c5 3. d5 e6 4. Nc3 exd5 5. cxd5 d6 6. e4 g6 7. h3 Bg7 8. Nf3 O-O 9. Bd3 b5 10. Bxb5 Nxe4 11. Nxe4 Qa5+ 12. Nfd2 Qxb5 13. Nxd6 Qa6 14. N2c4 Nd7 15. O-O Ne5 16. Nxe5 {[%emt 0:04:25] A70: Modern Benoni: 6 e4 g6 7 Nf3.} Bxe5 17. Nxc8 Raxc8 18. Qf3 {[%emt 0:09:14] The position is equal.} Qf6 ({Don't take} 18... Bh2+ 19. Kxh2 Qxf1 {[#]} 20. Bh6 $1 $16) (18... Rfd8 {is interesting.} 19. Bg5 Rd7 20. Rfe1 Qd6) 19. Qxf6 Bxf6 20. Rb1 Rfd8 21. Rd1 Bd4 22. Be3 Rxd5 23. Rd2 {[%emt 0:02:28] [#]} Rb8 $146 ({Predecessor:} 23... Rcd8 24. Rbd1 a5 25. Kf1 f5 26. Bxd4 cxd4 27. Ke2 Rb5 28. Rc2 Kf7 29. Kd3 Kf6 {½-½ (67) Rogozenco,D (2495)-Stopa,J (2431) Germany 2019}) 24. Rbd1 Rf5 25. Bxd4 cxd4 26. b3 Ra5 27. Rc2 Rd8 28. Rd3 Ra3 29. Rcd2 {[%emt 0:03:13] An interesting draw.  Weighted Error Value: White=0.07 (flawless) /Black=0.05 (flawless)} 1/2-1/2

[Event "Romanian Superleague 2022"]
[Site "Oradea"]
[Date "2022.09.28"]
[Round "8.6"]
[White "Carmaciu, Lucian-Catalin"]
[Black "Bulau, Andrei-Cristian"]
[Result "1-0"]
[ECO "D02"]
[WhiteElo "2376"]
[BlackElo "2183"]
[Annotator "TA"]
[PlyCount "90"]
[EventDate "2022.09.21"]
[EventType "team-tourn"]
[EventCountry "ROU"]
[SourceTitle "playchess.com"]
[Source "ChessBase"]
[SourceQuality "1"]
[TimeControl "40/5400+30:1800+30"]

1. d4 d5 2. Bf4 Nf6 3. e3 c5 4. c3 Nc6 5. Nd2 e6 6. Bg3 Bd6 7. Ngf3 O-O 8. Bd3 b6 9. e4 {[%emt 0:01:18] Recently 9.Qe2 got a lot of attention. D02: 1 d4 d5 2 Nf3 sidelines, including 2...Nf6 3 g3 and 2...Nf6 3 Bf4.} dxe4 (9... Be7 $11) 10. Nxe4 $14 Nxe4 11. Bxe4 {[%emt 0:00:09] White is slightly better.} Bb7 12. dxc5 Bxc5 13. Qa4 Rc8 14. Rd1 Qe7 15. b4 {[%emt 0:00:50] White has more active pieces.} (15. O-O $14) 15... Nxb4 16. Bxb7 $16 Qxb7 17. cxb4 Qe4+ 18. Kf1 {[%emt 0:00:07] [#]} Rcd8 $146 {[%emt 0:17:58] [#] aiming for ...Qc4+.} ({Predecessor:} 18... Bxb4 19. h3 Rc4 20. Kg1 Bd6 21. Qb3 Bxg3 22. fxg3 Rc2 23. Kh2 Qe2 24. Rhg1 Rxa2 {0-1 (33) Saduakassova,D (2500)-Zhu,J (2462) chess24.com INT 2021}) 19. Re1 Qc4+ 20. Kg1 Qxb4 21. Qxb4 Bxb4 22. Rb1 f6 23. Kf1 Bc5 24. Ke2 e5 25. Rhd1 Kf7 26. Nd2 Ke6 27. Rbc1 Rc8 28. Nb3 Ba3 29. Rxc8 Rxc8 30. f4 Rc2+ 31. Rd2 Rc4 32. fxe5 fxe5 33. Kd3 b5 34. Re2 Bd6 35. Bf2 {[%emt 0:00:00] [#] Black must now prevent Nd4+.} Kd5 {[%emt 0:00:00] Inhibits Nd4.} (35... a6 $16 36. Re4 Kd5) 36. h3 (36. Bxa7 $18 Bb4 37. Rb2) 36... a5 37. Rb2 ({Inferior is} 37. Nxa5 e4+ 38. Ke3 Rc3+ 39. Kd2 Bb4 $17) 37... Ra4 (37... Ba3 $16 38. Rb1 Ra4) 38. Ke2 Re4+ 39. Kd1 a4 40. Rd2+ Kc6 (40... Ke6 $142) 41. Na5+ $18 Kc7 42. Rc2+ Kb8 (42... Kd7 $142 43. Nb7 Bf8 44. Nc5+ Bxc5) 43. Rc6 Bc7 44. Bb6 Rd4+ $2 (44... Bxb6 45. Rxb6+ Kc7 46. Rxb5 Kd6) 45. Bxd4 exd4 {[%emt 0:00:01] Weighted Error Value: White=0.12 (very precise) /Black=0.27 (precise)} 1-0

[Event "Romanian Superleague 2022"]
[Site "Oradea"]
[Date "2022.09.28"]
[Round "8.7"]
[White "Dobre, Claudiu-Cristian"]
[Black "Nguyen, Thai Dai Van"]
[Result "0-1"]
[ECO "A06"]
[WhiteElo "2268"]
[BlackElo "2627"]
[Annotator "TA"]
[PlyCount "72"]
[EventDate "2022.09.21"]
[EventType "team-tourn"]
[EventCountry "ROU"]
[SourceTitle "playchess.com"]
[Source "ChessBase"]
[SourceQuality "1"]
[TimeControl "40/5400+30:1800+30"]

1. Nf3 d5 2. b3 c5 3. e3 a6 4. Bb2 Nc6 5. d4 Bg4 (5... Nf6 $11) 6. Nbd2 {[%emt 0:03:32] A06: Réti Opening: 1 Nf3 d5.} (6. dxc5 $14 e5 7. h3 Bxf3 8. Qxf3) 6... cxd4 $11 7. exd4 e6 8. a3 {[%emt 0:01:02] The position is equal.} Bd6 9. Bd3 Nf6 10. O-O O-O 11. Re1 {[%emt 0:22:36] [#]} Bf4 $146 ({Predecessor:} 11... Re8 12. Nf1 Rc8 13. Be2 Qc7 14. Ne5 Bxe2 15. Qxe2 b5 16. Rac1 Qb6 17. Qd3 Ne4 18. Nxc6 Rxc6 {½-½ (71) Rozic,V (2127)-Hryb,T Peniscola 2002}) 12. Nf1 Re8 13. Ng3 e5 14. dxe5 {[%emt 0:00:33] [#]} Bxe5 15. c3 (15. Bxe5 Nxe5) 15... Qb6 16. b4 Rad8 {[%emt 0:07:39] Black is more active.} 17. Qc2 Bxf3 18. gxf3 Rc8 19. Qd2 {[%emt 0:02:21] [#]} Qc7 $1 20. Bf5 Rcd8 21. Kg2 Ne7 22. Qd3 Nxf5 23. Qxf5 Bxc3 ({Black should try} 23... Re6 24. Rac1 Nd7) 24. Rxe8+ $17 Rxe8 25. Rc1 d4 {[%emt 0:00:00] White must now prevent ...Re5.} 26. Bxc3 dxc3 27. Qc5 {[%emt 0:00:38] This move loses the game for White.} (27. Qd3 $17) 27... Qxc5 $19 28. bxc5 {[%emt 0:00:04][%mdl 4096] Endgame KRN-KRN} Nd5 {[%emt 0:00:04] And now ...Nf4+ would win.} 29. Ne4 Rc8 ({Inferior is} 29... Nf4+ 30. Kf1 $17) 30. Kf1 f5 31. Nd6 (31. Nxc3 $142 Rxc5 32. Ne2 Rxc1+ 33. Nxc1) 31... Rxc5 32. Nxb7 (32. Nxf5 $142 Nf4 33. Ne3) 32... Rc7 {[%emt 0:00:10] Black is clearly winning.} 33. Na5 Nf4 34. Nb3 c2 35. Nd4 Rd7 36. Nxc2 Rc7 {[%emt 0:00:03] Weighted Error Value: White=0.29 (precise) /Black=0.05 (flawless)} 0-1

[Event "Romanian Superleague 2022"]
[Site "Oradea"]
[Date "2022.09.28"]
[Round "8.8"]
[White "Mendonca, Leon Luke"]
[Black "Padurariu, Mihai-Edward"]
[Result "1-0"]
[ECO "E14"]
[WhiteElo "2558"]
[BlackElo "2263"]
[Annotator "TA"]
[PlyCount "77"]
[EventDate "2022.09.21"]
[EventType "team-tourn"]
[EventCountry "ROU"]
[SourceTitle "playchess.com"]
[Source "ChessBase"]
[SourceQuality "1"]
[TimeControl "40/5400+30:1800+30"]

1. d4 Nf6 2. c4 e6 3. Nf3 Bb4+ 4. Nbd2 b6 5. a3 Bxd2+ 6. Qxd2 Bb7 7. e3 a5 8. b3 O-O 9. Be2 d6 10. O-O Nbd7 11. Bb2 Qe7 12. Qc2 {[%emt 0:09:37] E14: Queen's Indian: Classical Variation (4 e3).} Ne4 13. Rad1 f5 14. d5 {[%emt 0:01:50] White is slightly better.} e5 {[%emt 0:01:46] Prevents Nd4.} 15. Ne1 Qg5 {[%emt 0:08:40] [#]} 16. g3 $146 ({Predecessor:} 16. Bc1 Qg6 17. f3 Nef6 18. f4 Ng4 19. h3 Nh6 20. Nf3 Rad8 21. b4 axb4 22. axb4 {½-½ (31) Vitiugov,N (2609)-Ulko,J (2482) Moscow 2008}) 16... Qh6 17. Ng2 Ng5 {[%emt 0:02:25] [#]} (17... Bc8 $11) 18. f4 $1 $16 Nh3+ 19. Kh1 g5 {[%emt 0:07:22] Inhibits Nh4.} 20. Bd3 ({Don't play} 20. fxe5 Nxe5 21. e4 (21. Bxe5 dxe5 22. e4 Bc8 $14) 21... Bc8 $14) (20. g4 $16) 20... e4 {[%emt 0:07:28] Black is on the road to losing.} (20... Bc8 $1 $11) 21. Be2 Rae8 22. Qc3 {[%emt 0:07:04][%cal Oe2h5] Hoping for Bh5!} Qf6 23. Qd2 ({But not} 23. Qxf6 Nxf6 24. fxg5 Ng4) 23... Qh6 24. b4 axb4 25. axb4 Nf6 26. Qd4 gxf4 27. Nxf4 Ng5 (27... Nxf4 28. Rxf4 Bc8) 28. Ne6 $18 Rxe6 29. dxe6 Nf3 30. Bxf3 exf3 31. Rf2 Kg7 $2 (31... Qg7 32. Ra1 Be4) 32. g4 {[%emt 0:01:09] Rg1 is the strong threat.} Qh4 {[%emt 0:01:31] [#]} 33. gxf5 $1 Be4 (33... Qxd4 34. Bxd4) 34. Rg1+ Kh6 35. e7 Rf7 {[%emt 0:00:14] [#]} 36. Qxf6+ $3 Rxf6 37. Bxf6 (37. e8=Q $142 Bxf5 38. Qe7 Kh5 39. Bxf6 Qg4 40. Rxg4 Kxg4 41. h3+ Kh5 42. Qf7+ Bg6 43. Qd5+ Bf5 44. Qxf5+ Kh6 45. Qg5#) 37... Qxf2 38. Bg7+ Kh5 39. e8=Q+ {[%emt 0:00:02] Weighted Error Value: White=0.22 (precise) /Black=0.70} 1-0

[Event "Romanian Superleague 2022"]
[Site "Oradea"]
[Date "2022.09.28"]
[Round "8.9"]
[White "Voiteanu, Gabriel"]
[Black "Ghimpu, Samuel-Timotei"]
[Result "0-1"]
[ECO "E04"]
[WhiteElo "2154"]
[BlackElo "2434"]
[Annotator "TA"]
[PlyCount "115"]
[EventDate "2022.09.21"]
[EventType "team-tourn"]
[EventCountry "ROU"]
[SourceTitle "playchess.com"]
[Source "ChessBase"]
[SourceQuality "1"]
[TimeControl "40/5400+30:1800+30"]

1. d4 Nf6 2. c4 e6 3. Nf3 d5 4. g3 dxc4 5. Bg2 Bd7 6. Ne5 Bc6 7. Nxc6 Nxc6 8. Qa4 Qd7 {[%emt 0:00:18] E04: Open Catalan: 5 Nf3.} 9. Bxc6 {[%emt 0:24:38] has lost popularity (9.Qxc4).} Qxc6 10. Qxc6+ bxc6 {[%emt 0:00:02] [#] Black has an edge.} 11. Na3 $146 ({White should try} 11. O-O $15) ({Predecessor:} 11. Nd2 O-O-O 12. e3 c5 13. dxc5 c3 14. bxc3 Bxc5 15. Nb3 Be7 16. Bb2 Ne4 17. Ke2 {1-0 (122) Grigoryan,A (2572)-Socko,B (2619) St Petersburg 2012}) 11... Bxa3 $17 12. bxa3 Kd7 13. a4 (13. Kd2 $142) 13... Rab8 14. Ba3 {[%emt 0:02:34] Inhibits Rb4.} Rb6 {[%emt 0:00:44] Black is more active.} 15. Rc1 Rhb8 16. Kd2 Ne4+ 17. Ke3 Nd6 18. Bc5 (18. Bxd6 $17 cxd6 19. Rxc4) 18... Ra6 19. Rb1 ({Of course not} 19. Bxd6 cxd6 20. Rxc4 Rb2) 19... Rxb1 20. Rxb1 Rxa4 $19 {[%emt 0:00:16][%mdl 4096] Endgame KRB-KRN} 21. a3 Kc8 {[%emt 0:05:27] Against Rb8+} 22. f3 Ra5 23. Ra1 Nb7 24. Bf8 Nd6 25. g4 g6 26. a4 {[%emt 0:00:47] Prevents Rb5.} Kd7 27. Kd2 c5 28. dxc5 Rxc5 29. Kc3 Rc6 30. e4 (30. Rb1 $142) 30... Rb6 31. Bxd6 cxd6 ({Not} 31... Rxd6 32. Kxc4 Rd2 33. h4) 32. Kxc4 {[%emt 0:00:09] KR-KR} a5 33. h4 Rb4+ 34. Kc3 h6 35. h5 g5 36. Kd3 Ke7 {[%emt 0:00:11] And now ...Kf6 would win.} 37. Ke3 Kf6 38. Kf2 Ke5 {[%emt 0:00:11] [#] White must now prevent ...Kf4.} 39. Kg3 d5 40. exd5 Kxd5 ({Wrong is} 40... exd5 $2 41. Re1+ Kf6 42. Ra1 $19) 41. Rc1 $2 (41. Kf2) 41... Rxa4 {[%emt 0:14:25] ...Rc4 is the strong threat.} 42. Rc8 Ke5 43. Rh8 $2 (43. Rc7) 43... Kf6 {[%emt 0:00:11] [#] Strongly threatening ...Ra1.} 44. Ra8 Ra2 (44... Ra1 $142 45. Kf2 a4) 45. Kh3 a4 46. Ra7 a3 47. Kg3 Ke5 48. Rxf7 (48. Ra4 $142) 48... Rd2 49. Ra7 a2 50. Ra4 Rc2 51. Ra5+ Kf6 52. Ra6 Rb2 53. Kh3 Ke7 54. f4 gxf4 {[%emt 0:01:07] Black mates.} 55. g5 f3 56. Ra7+ Kd6 57. Ra6+ Ke5 58. Ra5+ {[%emt 0:00:45] Weighted Error Value: White=0.56/Black=0.17 (very precise)} 0-1

[Event "Romanian Superleague 2022"]
[Site "Oradea"]
[Date "2022.09.28"]
[Round "8.10"]
[White "David, Alexandru-Vasile"]
[Black "Oprisor, Razvan-Gabriel"]
[Result "1/2-1/2"]
[ECO "A52"]
[WhiteElo "2417"]
[BlackElo "2175"]
[Annotator "TA"]
[PlyCount "29"]
[EventDate "2022.09.21"]
[EventType "team-tourn"]
[EventCountry "ROU"]
[SourceTitle "playchess.com"]
[Source "ChessBase"]
[SourceQuality "1"]
[TimeControl "40/5400+30:1800+30"]

1. d4 Nf6 2. c4 e5 3. dxe5 Ng4 4. e3 Nxe5 5. f4 Ng6 6. Bd3 {[%emt 0:04:44] A52: Budapest Gambit.} d5 {[%emt 0:04:30] [#]} 7. Bxg6 $146 ({Predecessor:} 7. cxd5 Qxd5 8. Nf3 Nc6 9. Nc3 Qh5 10. O-O Bc5 11. Ne4 Bb6 12. Ng3 Qc5 13. Kh1 {1-0 (23) Tarasova,V (2226)-Perez Rodriguez,J (2251) Chess.com INT 2021}) 7... hxg6 8. cxd5 Bb4+ 9. Bd2 Bc5 10. Nc3 Qh4+ (10... c6 {keeps more tension.} 11. e4 Qh4+ 12. g3 Qxg3+ 13. hxg3 Rxh1 14. Ke2 Rxg1 15. Qxg1 Bg4+) 11. g3 Qe7 12. Qf3 c6 13. Nge2 O-O (13... Nd7 $11 {remains equal.}) 14. O-O (14. O-O-O $16) 14... Nd7 {[%emt 0:03:36][%mdl 1024] Black has compensation.} 15. Ne4 {[%emt 0:11:33] Weighted Error Value: White=0.26 (precise) /Black=0.17 (very precise)} 1/2-1/2

[Event "Romanian Superleague 2022"]
[Site "Oradea"]
[Date "2022.09.28"]
[Round "8.11"]
[White "Levay, Sorin"]
[Black "Berescu, Alin-Mile"]
[Result "1/2-1/2"]
[WhiteElo "2138"]
[BlackElo "2440"]
[Annotator "TA"]
[PlyCount "19"]
[EventDate "2022.09.21"]
[EventType "team-tourn"]
[EventCountry "ROU"]
[SourceTitle "playchess.com"]
[Source "ChessBase"]
[SourceQuality "1"]
[TimeControl "40/5400+30:1800+30"]

1. e4 e5 2. Nc3 Nf6 3. Nf3 Nc6 4. Bb5 Bb4 5. O-O O-O 6. Bxc6 dxc6 7. d3 {[%emt 0:00:07] The position is equal.} Nd7 $1 {[%emt 0:08:43][%mdl 4] is currently scoring better than 7...Re8. C49: Four Knights: 4 Bb5 Bb4.} 8. Qe2 Bd6 {[%emt 0:03:13] [#]} 9. Nd1 $146 ({Predecessor:} 9. Be3 Qe7 10. a4 a5 11. Nd2 Nc5 12. Bxc5 Bxc5 13. Nc4 Bd4 14. Nd1 Be6 15. Nd2 b5 {1-0 (38) Mihajlovic,M (2190)-Vulinovic,R (2224) Belgrade 2012}) 9... Nc5 10. Ne3 {[%emt 0:00:25] Not much happened in this game.  Weighted Error Value: White=0.09 (flawless) /Black=0.08 (flawless)} 1/2-1/2